 Dungeon Crawl Stone Soup version 0.26-a0-52-gd53d4cd (webtiles) character file.

Game seed: 8582459615954113209

133 Faca the Skirmisher (level 5, 0/44 HPs)
             Began as a Barachi Fighter on June 6, 2020.
             Slain by a killer bee (2 damage)
             ... on level 2 of the Dungeon.
             The game lasted 00:04:24 (2359 turns).

Faca the Skirmisher (Barachi Fighter)               Turns: 2359, Time: 00:04:24

Health: 0/44       AC: 10    Str: 18    XL:     5   Next: 16%
Magic:  5/5        EV:  4    Int:  9    God:
Gold:   117        SH: 10    Dex: 11    Spells: 4/4 levels left

rFire    . . .     SeeInvis .   a - +0 long sword
rCold    . . .     Gourm    .   c - +1 kite shield
rNeg     . . .     Faith    .   i - +0 chain mail
rPois    .         Spirit   .   b - +0 helmet
rElec    .         Reflect  .   (no cloak)
rCorr    .         Harm     .   (no gloves)
MR       .....                  (no boots)
Stlth    ..........             (no amulet)
HPRegen  0.14/turn              (no ring)
MPRegen  0.09/turn              (no ring)

@: lethally poisoned (0 -> -34), slow
A: +LOS, swims, slowness 1, strong legs 1
a: Hop


You were on level 2 of the Dungeon.
You were hungry.

You visited 1 branch of the dungeon, and saw 3 of its levels.

You collected 117 gold pieces.

Inventory:

Hand Weapons
 a - a +0 long sword (weapon)
Armour
 b - a +0 helmet (worn)
 c - a +1 kite shield (worn)
 i - a +0 chain mail (worn)
Scrolls
 h - a scroll of identify
Potions
 d - 2 potions of might
 e - a potion of lignification
Comestibles
 f - a ration


   Skills:
 + Level 5.4 Fighting
 + Level 4.7 Long Blades
 - Level 3.6 Armour
 - Level 3.2 Shields


You had 4 spell levels left.
You didn't know any spells.
Your spell library was empty.

Dungeon Overview and Level Annotations

Branches:
Dungeon (3/15)

Altars:
Elyvilon


Innate Abilities, Weirdness & Mutations

You can be seen from farther away. (+LOS)
You can swim through water.
You cover ground slowly.
You can hop short distances.


Message History

The killer bee is heavily wounded.
You feel sick. You block the killer bee's attack.
The killer bee barely misses you.
You miss the killer bee.
The killer bee is heavily wounded.
* * * LOW HITPOINT WARNING * * *
You feel sick. The killer bee stings you.
* * * LOW HITPOINT WARNING * * *
You are more poisoned.
The killer bee poisons you!
The killer bee stings you but does no damage. x2
You hit the killer bee.
The killer bee is heavily wounded.
* * * LOW HITPOINT WARNING * * *
You feel very sick. The killer bee stings you.
* * * LOW HITPOINT WARNING * * *
You are more poisoned.
The killer bee poisons you! The killer bee stings you.
You die...

#.#####.# #.######
#.# #.###.## #.#
##.##...##### #.#
#............ #.#
#.###...##### #.#
#.#.......... #.#
#.#.#.####### #†#
#.....# # #@#
###.### ## #y# #.#
##. #.# #.# ####.#
#.# #.# ##...##
#.######.# #...##
#........###...#
#.....)..#.....##
#.######(#...)..##
#.# #.#.......#


You could see a killer bee.

Vanquished Creatures
  A killer bee (D:2)
  Robin (D:2)
  An adder (D:2)
  An ooze (D:2)
  A dart slug (D:2)
  A worm (D:2)
  3 leopard geckos
  2 bats
  2 giant cockroaches (D:1)
  15 goblins
  9 hobgoblins
  7 kobolds
  A ball python (D:1)
  3 frilled lizards
  6 rats
54 creatures vanquished.

Notes
Turn   | Place    | Note
-------+----------+-------------------------------------------
     0 | D:1      | Faca the Barachi Fighter began the quest for the Orb.
     0 | D:1      | Reached XP level 1. HP: 18/18 MP: 1/1
     2 | D:1      | Noticed a formicid
     2 | D:1      | Noticed an elf
     4 | D:1      | Noticed an octopode
     6 | D:1      | Noticed a halfling
     6 | D:1      | Noticed a vine stalker
     8 | D:1      | Noticed a minotaur
     8 | D:1      | Noticed an ogre
    10 | D:1      | Noticed a troll
    13 | D:1      | Noticed a tengu
    13 | D:1      | Noticed a gargoyle
    15 | D:1      | Noticed a draconian
    15 | D:1      | Noticed a human
    17 | D:1      | Noticed a dwarf
    19 | D:1      | Noticed a naga
    21 | D:1      | Noticed a ghoul
    21 | D:1      | Noticed a demigod
    23 | D:1      | Noticed a felid
    23 | D:1      | Noticed a demonspawn
    25 | D:1      | Noticed a vampire
    25 | D:1      | Noticed a merfolk
    27 | D:1      | Noticed a spriggan
    27 | D:1      | Noticed a centaur
   218 | D:1      | Reached XP level 2. HP: 25/25 MP: 2/2
   224 | D:1      | Reached skill level 4 in Fighting
   779 | D:1      | Reached XP level 3. HP: 29/31 MP: 3/3
  1176 | D:2      | Found a white marble altar of Elyvilon.
  1382 | D:2      | Noticed Robin
  1393 | D:2      | Killed Robin
  1393 | D:2      | Reached XP level 4. HP: 22/38 MP: 4/4
  1691 | D:2      | Reached skill level 5 in Fighting
  2351 | D:2      | Reached XP level 5. HP: 34/44 MP: 5/5
  2359 | D:2      | HP: 2/44 [killer bee (4)]
  2359 | D:2      | Slain by a killer bee

Illustrated notes

Levels and vault maps discovered:
D:1:      kb_arrival_jail, layout_basic
D:2:      layout_loops_ring, elyvilon_altar_4, minmay_tromino_v2, uniq_robin
D:3:      layout_basic, overflow_temple_1_default, first_ration,
          grunt_ministairs_11

Skill      XL: |  1  2  3  4 |
---------------+-------------+-----
Fighting       | 4 5 |  5.4
Long Blades    | 3 4 |  4.7
Armour         | |  3.6
Shields        | |  3.2

Action                   |  1- 3 |  4- 6 || total
-------------------------+-------+-------++-------
Melee: Long sword        |   121 |    84 ||   205
  Use: Scroll            |     3 |     1 ||     4
  Eat: Chunk             |     2 |     3 ||     5
Armor: Scale mail        |    23 |       ||    23
       Chain mail        |    24 |    65 ||    89
Dodge: Dodged            |    27 |    19 ||    46
Block: Kite shield       |    66 |    51 ||   117
       Rpst.: Long sword |     5 |     6 ||    11

Table legend:
 A = Non-vault XP
 B = Vault XP
 C = Vault XP percentage of total XP
 D = Non-vault monster count
 E = Vault monster count
 F = Vault count percentage of total count
                 A         B        C        D         E       F
            +---------+---------+-------+---------+---------+-------
      Total |     152 |      38 |  20.0 |      41 |      13 |  24.1
            +---------+---------+-------+---------+---------+-------
        D:1 |      37 |       0 |   0.0 |      21 |       0 |   0.0
        D:2 |     115 |      38 |  24.8 |      20 |      13 |  39.4
            +---------+---------+-------+---------+---------+-------
